 Dungeon Crawl Stone Soup version 0.21.1-1-g345015fe64 (webtiles) character file.

186 KleinerIrrer the Chopper (level 5, -5/32 HPs)
             Began as a Gargoyle Fighter on Apr 4, 2018.
             Was an Initiate of Okawaru.
             Slain by a hornet (13 damage)
             ... on level 4 of the Dungeon.
             The game lasted 00:00:38 (3280 turns).

KleinerIrrer the Chopper (Gargoyle Fighter)         Turns: 3280, Time: 00:00:39

Health: -5/32      AC: 10    Str: 20    XL:     5   Next: 66%
Magic:  5/5        EV:  7    Int:  9    God:    Okawaru [......]
Gold:   148        SH:  9    Dex:  9    Spells: 4/4 levels left

rFire    . . .     SeeInvis .   Y - +0 war axe
rCold    . . .     Gourm    .   c - +0 shield
rNeg     + . .     Faith    .   b - +0 scale mail
rPois    ∞         Spirit   .   (no helmet)
rElec    +         Reflect  .   (no cloak)
rCorr    .         Harm     .   (no gloves)
MR       .....                  (no boots)
Stlth    ..........             (no amulet)
HPRegen  0.10/turn              (no ring)
MPRegen  0.09/turn              (no ring)

@: about to teleport
A: negative energy resistance 1, electricity resistance, unbreathing,
petrification resistance, rot immunity, AC +4
a: Renounce Religion


You were on level 4 of the Dungeon.
You worshipped Okawaru.
Okawaru was noncommittal.
You were not hungry.

You visited 1 branch of the dungeon, and saw 4 of its levels.

You collected 148 gold pieces.


Innate Abilities, Weirdness & Mutations

You are resistant to torment.
Your stone body is resilient. (AC +4)
You are immune to poison.
You resist negative energy. (rN+)
You are resistant to electric shocks. (rElec)
You can survive without breathing.
You are immune to petrification.
You are immune to rotting.


   Skills:
 + Level 3.6 Fighting
 - Level 5.0 Axes
 - Level 3.2 Armour
 - Level 3.2 Shields


You had 4 spell levels left.
You didn't know any spells.

Inventory:

Hand Weapons
 l - a +0 whip
 Y - a +0 war axe (weapon)
Missiles
 n - 5 tomahawks (quivered)
Armour
 b - a +0 scale mail (worn)
 c - a +0 shield (worn)
Wands
 m - a wand of flame (15)
Scrolls
 f - a scroll of teleportation
 i - 5 scrolls of remove curse
 k - a scroll of identify
Potions
 a - a potion of mutation {unknown}
 d - a potion of might
 g - a potion of cancellation {unknown}
 h - a potion of curing {unknown}
 o - a potion of invisibility {unknown}
Comestibles
 e - 3 rations
 p - 6 chunks of flesh

Dungeon Overview and Level Annotations

Branches:
Dungeon (4/15)
 Temple: D:4-7

Altars:
Ashenzari
Okawaru
Zin


Message History

You barely miss the hornet.
The hornet is moderately wounded.
Your surroundings seem slightly different.
You slash the hornet!
The hornet is severely wounded.
The hornet stings you. The hornet stings you!
You hit the hornet but do no damage.
The hornet is severely wounded.
The hornet stings you. The hornet closely misses you.
You closely miss the hornet.
The hornet is severely wounded.
The hornet stings you. You block the hornet's attack.
You slash the hornet!
The hornet is almost dead.
The hornet closely misses you. The hornet stings you.
3280 ||| READING 2 scrolls of teleportation.
As you read the scroll of teleportation, it crumbles to dust.
You feel strangely unstable. The hornet stings you!
You die...

#.<..........................
...##........................
.### #.......................
## ....................... #
............>..........
.......................
#....................
........y...........
.......@..%........
..................
#............(....
#.................
##.######......... #
......(... ...#.. .#####


You could see a hornet.

Vanquished Creatures
  An orc priest (D:3)
  An orc wizard (D:4)
  5 adders
  2 oozes
  2 dart slugs
  2 leopard geckos
  5 orcs
  2 ball pythons (D:1)
  6 bats
  2 giant cockroaches
  7 hobgoblins
  6 jackals
  A quokka (D:3)
  4 frilled lizards
  6 goblins
  5 kobolds
  A leopard gecko skeleton (D:4)
  9 rats
67 creatures vanquished.

Notes
Turn   | Place    | Note
-------+----------+-------------------------------------------
     0 | D:1      | KleinerIrrer the Gargoyle Fighter began the quest for the Orb.
     0 | D:1      | Reached XP level 1. HP: 14/14 MP: 1/1
     0 | D:1      | 0 ||| counter = 57
    82 | D:1      | Reached skill level 2 in Axes
    88 | D:1      | Reached XP level 2. HP: 15/19 MP: 2/2
   643 | D:1      | 643 ||| READING scroll labeled PAKUSO LAISUO.
   644 | D:1      | 644 ||| READING 3 scrolls labeled HUIHOYWIGU.
   747 | D:2      | Reached skill level 3 in Axes
   863 | D:2      | Reached XP level 3. HP: 23/23 MP: 3/3
  1005 | D:2      | 1005 ||| UPGRADING to whip.
  1006 | D:2      | 1006 ||| SWAPPING to +0 war axe.
  1514 | D:2      | Found a shattered altar of Ashenzari.
  1756 | D:2      | 1756 ||| READING 3 scrolls labeled HAATHE EZUME.
  1760 | D:2      | 1760 ||| READING scroll labeled FOJI PADUOK.
  1761 | D:2      | 1761 ||| READING scroll labeled TIKHLO DEDDEM.
  1762 | D:2      | 1762 ||| DRINKING 2 bubbling inky potions.
  1816 | D:3      | Reached XP level 4. HP: 28/28 MP: 4/4
  1856 | D:3      | Reached skill level 4 in Axes
  2349 | D:3      | Reached XP level 5. HP: 19/32 MP: 5/5
  2739 | D:3      | Found a glowing silver altar of Zin.
  2739 | D:3      | Found an iron altar of Okawaru.
  2743 | D:3      | Became a worshipper of Warmaster Okawaru
  2980 | D:3      | 2980 ||| UPGRADING to tubular steel ring.
  2981 | D:3      | 2981 ||| REMOVING ring of stealth.
  2982 | D:3      | 2982 ||| DROPPING ring of stealth.
  2983 | D:3      | 2983 ||| READING scroll labeled FOREHI FUEPHAOS.
  3028 | D:4      | 3028 ||| EATING 3 rations.
  3107 | D:4      | Reached skill level 5 in Axes
  3117 | D:4      | Noticed a hornet
  3270 | D:4      | HP: 5/32 [hornet (11)]
  3271 | D:4      | 3271 ||| READING 3 scrolls of teleportation.
  3272 | D:4      | 3272 ||| DRINKING potion of heal wounds.
  3279 | D:4      | HP: 8/32 [hornet (1)]
  3280 | D:4      | 3280 ||| READING 2 scrolls of teleportation.
  3280 | D:4      | Slain by a hornet

Vault maps used:
D:1:      kennysheep_arrival_seaside
D:2:      lemuel_round_altar
D:3:      gammafunk_temple_overflow_wave
D:4:      temple_fountains, first_ration, uniq_crazy_yiuf_cottage, uniq_edmund

Skill      XL: |  1  2  3  4  5 |
---------------+----------------+-----
Axes           | 2 3 4 5 |  5.0
Fighting       | |  3.6
Armour         | |  3.2
Shields        | |  3.2

Action                   |  1- 3 |  4- 6 || total
-------------------------+-------+-------++-------
Melee: War axe           |   104 |   136 ||   240
Throw: Tomahawk          |       |     5 ||     5
  Use: Scroll            |     5 |     3 ||     8
       Potion            |     1 |     1 ||     2
  Eat: Chunk             |     3 |     3 ||     6
       Ration            |       |     1 ||     1
Armor: Scale mail        |    72 |    78 ||   150
Dodge: Dodged            |    39 |    43 ||    82
Block: Shield            |    50 |    81 ||   131

Table legend:
 A = Spawn XP
 B = Non-spawn XP
 C = Spawn XP percentage of total XP
 D = Spawn monster count
 E = Non-spawn monster count
 F = Spawn count percentage of total count
 G = Total turns spent on level
                    A         B        C        D         E        F      G
               +---------+---------+-------+---------+---------+-------+---------
         Total |       0 |     267 |   0.0 |       0 |      67 |   0.0 |  3280
               +---------+---------+-------+---------+---------+-------+---------
           D:1 |       0 |      28 |   0.0 |       0 |      17 |   0.0 |   718
           D:2 |       0 |      51 |   0.0 |       0 |      20 |   0.0 |  1072
           D:3 |       0 |     120 |   0.0 |       0 |      22 |   0.0 |  1236
           D:4 |       0 |      68 |   0.0 |       0 |       8 |   0.0 |   254
               +---------+---------+-------+---------+---------+-------+---------
